 Dungeon Crawl Stone Soup version 0.29-a0-82-g837932c90e (webtiles) character file.

Game seed: 8840133804016223156

121 lordive the Magician (level 5, -1/36 HPs)
             Began as a Djinni Ice Elementalist on Feb 4, 2022.
             Shot with an arrow by a centaur (7 damage)
             ... on level 6 of the Dungeon.
             The game lasted 00:04:19 (4193 turns).

lordive the Magician (Djinni Ice Elementalist)      Turns: 4193, Time: 00:04:19

Health: -1/36      AC: 10    Str:  7    XL:     5   Next: 26%
Gold:   122        EV: 12    Int: 19    God:
                   SH:  0    Dex: 13

rFire   + + .      SeeInvis .   f - +0 quarterstaff
rCold   x . .      Faith    .   (shield currently unavailable)
rNeg    . . .      Spirit   .   a - +0 robe
rPois   ∞          Reflect  .   (no helmet)
rElec   .          Harm     .   d - +0 cloak
rCorr   .          Rampage  .   j - +0 pair of gloves
Will    .....                   (boots unavailable)
Stlth   ++........              (no amulet)
HPRegen 0.12/turn               (no ring)
MPRegen 0.00/turn               (no ring)

@: ice-armoured, freezing walls, attractive, flying
A: sickness immunity, fire resistance 2, cold vulnerability 1, float, innate
caster, HP casting, extra vitality 1
a: no special abilities


You were on level 6 of the Dungeon.
You visited 1 branch of the dungeon, and saw 4 of its levels.

You collected 122 gold pieces.

Inventory:

Hand Weapons
 f - a +0 quarterstaff (weapon)
Missiles
 k - 5 silver javelins
Armour
 a - a +0 robe (worn)
 b - a +0 buckler
 d - a +0 cloak (worn)
 j - a +0 pair of gloves (worn)
 l - a +0 leather armour
Scrolls
 g - a scroll of torment {unknown}
 h - 3 scrolls of enchant armour {unknown}
Potions
 e - a potion of might {unknown}
 i - a potion of lignification {unknown}
 m - a potion of mutation {unknown}


   Skills:
 * Level 0.9 Fighting
 * Level 1.3 Armour
 * Level 3.0 Dodging
 - Level 1.5 Stealth
 * Level 1.1 Shields
 + Level 4.1 Spellcasting


You couldn't memorise any spells.
You knew the following spells:

 Your Spells              Type           Power      Damage    Failure   Level
a - Freeze                Ice            76%        1d9       2%          1
b - Frozen Ramparts       Ice            38%        1d5       8%          3
c - Ozocubu's Armour      Ice            19%        N/A       8%          3
d - Hailstorm             Conj/Ice       19%        3d6       24%         4
e - Summon Small Mammal   Summ           76%        N/A       2%          1
f - Poisonous Vapours     Pois/Air       38%        N/A       3%          2
Your spell library was empty.

Dungeon Overview and Level Annotations

Branches:
Dungeon (6/15)
 Temple: D:4-7

Altars:

Annotations:
D:2 1 runed translucent door, Crazy Yiuf


Innate Abilities, Weirdness & Mutations

You are immune to sickness and miasma.
You are immune to poison.
Your flesh is very heat resistant. (rF++)
You are vulnerable to cold. (rC-)
You float through the air rather than walking.
You learn spells naturally, not from books.
Your magical power is your life essence.
You have superior vitality. (+4 MHP)


Message History

A scorpion and a necrophage come into view.
The kobold shouts!
A centaur comes into view.
The kobold brigand throws a poisoned dart.
The poisoned dart closely misses you.
The centaur moves out of view.
Things that are here:
a +0 dagger; 20 stones The centaur wields a +0 shortbow.
The centaur shoots an arrow.
The arrow misses you.
Things that are here:
a +0 whip; 4 poisoned darts; a kobold corpse The centaur shoots an arrow.
The arrow barely misses you.
The centaur shoots an arrow.
The arrow hits you!
The centaur shoots an arrow.
The arrow hits you.
The centaur shoots an arrow.
The arrow hits you.
The centaur shoots an arrow.
The arrow hits you.
The centaur shoots an arrow.
The arrow closely misses you.
A centaur is nearby!
A centaur is nearby!
Casting: Freeze (safe; 2% risk of failure)
Confirm with . or Enter, or press ? or * to list all spells.
Okay, then.
Casting: Freeze (safe; 2% risk of failure)
Confirm with . or Enter, or press ? or * to list all spells.
A film of ice covers your body!
The centaur shoots an arrow.
The arrow barely misses you.
The centaur shoots an arrow.
The arrow hits you.
* * * LOW HITPOINT WARNING * * *
Unknown command.
Casting: Ozocubu's Armour (dangerous; 8% risk of failure)
Confirm with . or Enter, or press ? or * to list all spells.
Casting: Frozen Ramparts (dangerous; 8% risk of failure)
Press: ? - help, Dir - look around, f - activate The walls around you are covered in ice.
* * * LOW HITPOINT WARNING * * *
The wall freezes the centaur.
The centaur shoots an arrow.
The arrow barely misses you.
It was a potion of attraction.
You feel attractive to monsters.
The wall freezes the centaur.
The centaur shoots an arrow.
The arrow hits you!
You die...

.......
....s..K
.....KK########
#c...#..#
#..)..c.#
####.##.#
...##.#
######c#######
#########
#...@...#
#........
#######.#
#.####### #.#
#.# #... #.#
#.# #.#. #.#
#.# #.#.
#.#####.# #.##
#.......# #<#
######### ###


You could see a centaur.

Vanquished Creatures
  Jessica (D:3)
  4 adders
  A dart slug (D:3)
  2 orcs (D:3)
  5 ball pythons
  5 bats
  4 endoplasms
  A giant cockroach (D:1)
  4 goblins
  7 hobgoblins
  4 jackals
  3 kobolds
  2 quokkas
  4 frilled lizards
  7 rats
54 creatures vanquished.

Notes
Turn   | Place    | Note
-------+----------+-------------------------------------------
     0 | D:1      | lordive the Djinni Ice Elementalist began the quest for the
                  | Orb.
     0 | D:1      | Reached XP level 1. HP: 15/15 MP: 0/0
   793 | D:1      | Reached XP level 2. HP: 16/21 MP: 0/0
  1456 | D:2      | Found a runed translucent door.
  1457 | D:2      | Noticed Crazy Yiuf
  1697 | D:2      | Reached XP level 3. HP: 25/26 MP: 0/0
  1697 | D:2      | Learned a level 1 spell: Summon Small Mammal
  2362 | D:2      | Reached XP level 4. HP: 30/31 MP: 0/0
  2370 | D:2      | Found a faded altar of an unknown god.
  2946 | D:3      | Reached skill level 1 in Armour
  3380 | D:3      | Reached skill level 4 in Spellcasting
  3749 | D:3      | Noticed Jessica
  3756 | D:3      | Killed Jessica
  3757 | D:3      | Reached skill level 1 in Shields
  3757 | D:3      | Reached XP level 5. HP: 16/36 MP: 0/0
  3757 | D:3      | Learned a level 2 spell: Poisonous Vapours
  4060 | D:3      | You are sucked into a shaft and drop 3 floors!
  4174 | D:6      | Noticed a kobold brigand
  4179 | D:6      | Noticed a necrophage
  4179 | D:6      | Noticed a centaur
  4193 | D:6      | Shot with an arrow by a centaur

Illustrated notes

Levels and vault maps discovered:
D:1:      saegor_arrival_simple_a, layout_loops_corners
D:2:      layout_loops_ring, hellmonk_ecumenical_altar_blasted,
          uniq_crazy_yiuf_cottage
D:3:      layout_loops_ring, st_stairs_13, chequers_serial_rivers_marsh,
          ebering_dispersal_statue_hall, uniq_jessica
D:6:      minmay_clustersquares, layout_basic,
          mainiacjoe_overflow_cross_hatched, minmay_small_thing, uniq_duvessa

Skill      XL: |  1  2  3  4 |
---------------+-------------+-----
Armour         | 1 |  1.3
Spellcasting   | 4 |  4.1
Dodging        | 3 |  3.0
Shields        | 1 |  1.1
Fighting       | |  0.9
Stealth        | |  1.5

Action                   |  1- 3 |  4- 6 || total
-------------------------+-------+-------++-------
Melee: Unarmed           |     2 |       ||     2
       Quarterstaff      |       |     5 ||     5
 Cast: Freeze            |    51 |    42 ||    93
       Frozen Ramparts   |       |     2 ||     2
       Ozocubu's Armour  |       |     1 ||     1
  Use: Potion            |       |     1 ||     1
Armor: Robe              |    13 |    10 ||    23
Dodge: Dodged            |    20 |    31 ||    51

Table legend: (Time is in decaauts)
 A = Elapsed time spent in this place.
 B = Non-inter-level travel time spent in this place.
 C = Inter-level travel time spent in this place.
 D = Time resting spent in this place.
 E = Time spent auto-exploring this place.
 F = Levels seen in this place.
 G = Mean time per level.
                   A        B        C        D        E       F      G
               +--------+--------+--------+--------+--------+-----+--------+
         Total |   4193 |   4062 |    131 |    436 |   3237 |   4 | 1048.2 |
       Dungeon |   4193 |   4062 |    131 |    436 |   3237 |   4 | 1048.2 |
               +--------+--------+--------+--------+--------+-----+--------+

Top non-repeatable levels by time:
     D:2: 1505 daAuts
     D:1: 1431 daAuts
     D:3: 1124 daAuts
     D:6: 132 daAuts
